 Dungeon Crawl Stone Soup version 0.23.2-1-ga50397a (webtiles) character file.

Game seed: 12442803496876176207

7534 troglodite the Spear-Bearer (level 10, 0/88 HPs)
             Began as a Minotaur Gladiator on May 16, 2019.
             Was an Elder of Makhleb.
             Slain by Snorg (14 damage)
             ... on level 10 of the Dungeon.
             The game lasted 00:34:44 (11051 turns).

troglodite the Spear-Bearer (Minotaur Gladiator)   Turns: 11051, Time: 00:34:45

Health: 0/88       AC: 16    Str: 18    XL:     10   Next: 96%
Magic:  12/12      EV: 12    Int:  9    God:    Makhleb [****..]
Gold:   173        SH:  5    Dex: 16    Spells: 9/10 levels left

rFire    . . .     SeeInvis .   a - +0 trident
rCold    . . .     Gourm    .   A - +0 buckler
rNeg     . . .     Faith    .   D - +0 plate armour
rPois    .         Spirit   .   c - +0 hat
rElec    .         Reflect  .   (no cloak)
rCorr    .         Harm     .   j - +0 pair of gloves of Calculation {Int+4}
MR       +....                  x - +0 pair of boots
Stlth    ..........             v - amulet of magic regeneration
HPRegen  0.24/turn              N - +3 ring of evasion
MPRegen  0.38/turn              H - ring of protection from magic

@: about to teleport, studying Bows
A: retaliatory headbutt, horns 2
a: Minor Destruction, Lesser Servant of Makhleb, Major Destruction, Renounce
Religion


You were on level 10 of the Dungeon.
You worshipped Makhleb.
Makhleb was greatly pleased with you.
You were not hungry.

You visited 1 branch of the dungeon, and saw 10 of its levels.

You collected 544 gold pieces.
You spent 371 gold pieces at shops.

Inventory:

Hand Weapons
 a - a +0 trident (weapon)
 z - a +4 hunting sling of velocity
 L - the +5 quarterstaff "Xeamief" {drain, Dex+6}
   (You found it on level 7 of the Dungeon)

   A truly terrible weapon, it drains the life of those it strikes.
   It affects your dexterity (+6).
Missiles
 d - 4 throwing nets (quivered)
 I - 60 sling bullets
 J - 101 stones
Armour
 c - a +0 hat (worn)
 j - the +0 pair of gloves of Calculation (worn) {Int+4}
   (You bought it in a shop on level 9 of the Dungeon)

   It affects your intelligence (+4).
 q - +0 fire dragon scales
 x - a +0 pair of boots (worn)
 A - a +0 buckler (worn)
 D - a +0 plate armour (worn)
Jewellery
 s - an uncursed ring of stealth
 v - an amulet of magic regeneration (around neck)
 H - a ring of protection from magic (right hand)
 N - a +3 ring of evasion (left hand)
 O - an uncursed ring of resist corrosion
 Q - an uncursed ring of poison resistance
Wands
 h - a wand of random effects (52)
 o - a wand of disintegration (28)
 r - a wand of flame (49)
 y - a wand of digging (3)
 B - a wand of polymorph (23)
Scrolls
 b - 6 scrolls of identify
 g - 2 scrolls of remove curse
 i - a scroll of vulnerability {unknown}
 m - a scroll of magic mapping
 n - 3 scrolls of amnesia
 u - a scroll of fear
 w - 2 scrolls of fog
 F - a scroll of teleportation
 K - 2 scrolls of silence
 M - a scroll of blinking
Potions
 e - 5 potions of heal wounds
 k - a potion of might
 l - 4 potions of curing
 p - 3 potions of flight
 t - 2 potions of haste
 C - 2 potions of lignification {unknown}
 E - a potion of agility
 G - 2 potions of resistance
 R - a potion of brilliance {unknown}
 S - a potion of cancellation {unknown}
Books
 P - a manual of Bows
Comestibles
 f - 16 rations


   Skills:
 * Level 7.8 Fighting
 * Level 12.0 Polearms
 * Level 3.2(4.4) Slings
 - Level 4.3(4.7) Throwing
 * Level 8.7 Armour
 * Level 6.8 Dodging
 + Level 0.8 Stealth
 * Level 4.9 Shields
 - Level 0.5 Spellcasting
 - Level 0.5 Conjurations
 * Level 4.0 Invocations


You had 9 spell levels left.
You knew the following spells:

 Your Spells              Type           Power        Failure   Level  Hunger
a - Magic Dart            Conj           #...         100%        1    ##.....

Your spell library contained the following spells:

 Spells                   Type           Power        Failure   Level  Hunger
 Beastly Appendage        Tmut           #.....       100%        1    ##.....
 Blink                    Tloc           N/A          100%        2    ###....
 Call Imp                 Summ           #.......     100%        2    ###....
 Searing Ray              Conj           #.....       100%        2    ###....
 Slow                     Hex            #.......     100%        2    ###....
 Sticks to Snakes         Tmut           #.......     100%        2    ###....
 Conjure Flame            Conj/Fire      #.......     100%        3    ####...
 Dazzling Spray           Conj/Hex       #.....       100%        3    ####...
 Mephitic Cloud           Conj/Pois/Air  #.......     100%        3    ####...
 Spider Form              Tmut/Pois      #.........   100%        3    ####...
 Force Lance              Conj/Tloc      #.......     100%        4    #####..
 Fulminant Prism          Conj/Hex       #.........   100%        4    #####..
 Ice Form                 Ice/Tmut       #.......     100%        4    #####..
 Iskenderun's Mystic Bla  Conj           #.......     100%        4    #####..
 Blade Hands              Tmut           #.........   100%        5    ######.


Dungeon Overview and Level Annotations

Branches:
Dungeon (10/15)            Temple (0/1) D:4            Lair (0/6) D:9
    Orc: D:9-12

Altars:
Ashenzari
Cheibriados
Dithmenos
Elyvilon
Fedhas
Gozag
Kikubaaqudgha
Makhleb
Nemelex Xobeh
Qazlal
Ru
Trog
Uskayaw

Shops:
D:8 *   D:9 *

Annotations:
D:7 Harold
D:8 3 runed translucent doors, xveg's ghost, novice HaHu
D:10 Snorg


Innate Abilities, Weirdness & Mutations

You reflexively headbutt those who attack you in melee.
You have a pair of horns on your head.


Message History

Snorg closely misses you. x2; Snorg claws you but does no damage.
You hit Snorg. You headbutt Snorg.
Snorg is severely wounded.
You block Snorg's attack. Snorg claws you but does no damage.
You block Snorg's attack.
You hit Snorg but do no damage. You headbutt Snorg.
Snorg is severely wounded.
Snorg closely misses you. Snorg claws you. Snorg misses you.
You puncture Snorg!
Snorg is severely wounded.
Snorg bites you! Snorg claws you! Snorg claws you.
* * * LOW HITPOINT WARNING * * *
You block Snorg's attack. Snorg barely misses you. x2
As you read the scroll of teleportation, it crumbles to dust.
You feel strangely unstable. You block Snorg's attack. Snorg claws you!
* * * LOW HITPOINT WARNING * * *
Snorg claws you.
* * * LOW HITPOINT WARNING * * *
Snorg bites you but does no damage. Snorg claws you!
You die...

###
#############.....
#..@TJ..J.........
#.###########.###.#
#.# # #. #.# ###.#.
#.# ...... #.#
...... #.# .##.##
#.# # #.#


You could see Snorg (berserk), a titanic slime creature and a slime creature.

Vanquished Creatures
  Joseph (D:7)
  A troll (D:10)
  Sigmund (D:2)
  2 hippogriffs
  2 wyverns
  3 yaks (D:9)
  A hungry ghost (D:9)
  Menkaure (D:5)
  A water moccasin (D:8)
  2 porcupines (D:9)
  3 sky beasts
  4 black bears
  4 orc warriors
  A necrophage (D:10)
  An ice beast (D:8)
  6 ogres
  A phantom (D:7)
  5 centaurs
  3 big kobolds
  6 bullfrogs
  A wyvern zombie (D:9)
  3 scorpions
  A wyvern skeleton (D:9)
  8 wights
  4 howler monkeys
  3 crimson imps
  A quasit (D:7)
  A hound (D:4)
  5 jellies
  9 orc priests
  7 orc wizards
  A centaur skeleton (D:7)
  4 bullfrog skeletons
  Jessica (D:3)
  Ijyb (D:3)
  3 iguanas
  9 worker ants
  A hound skeleton (D:8)
  A howler monkey zombie (D:6)
  A worker ant zombie (D:10)
  10 adders
  6 gnolls
  7 oozes
  2 adder skeletons
  2 worms (D:2)
  2 dart slugs
  10 leopard geckos
  48 orcs
  5 giant cockroaches
  5 goblins
  A hobgoblin (D:1)
  23 jackals
  2 quokkas
  4 ball pythons
  A ball python skeleton (D:4)
  2 bats (D:1)
  15 kobolds
  A leopard gecko skeleton (D:6)
  A quokka skeleton (D:7)
  2 quokka zombies (D:6)
  9 rats
272 creatures vanquished.

Vanquished Creatures (others)
  5 fungi (D:9)
  4 plants
9 creatures vanquished.

Grand Total: 281 creatures vanquished

Notes
Turn   | Place    | Note
-------+----------+-------------------------------------------
     0 | D:1      | troglodite the Minotaur Gladiator began the quest for the
                  | Orb.
     0 | D:1      | Reached XP level 1. HP: 18/18 MP: 0/0
    99 | D:1      | Reached XP level 2. HP: 25/25 MP: 1/1
   116 | D:1      | Reached skill level 4 in Polearms
   271 | D:1      | Reached XP level 3. HP: 30/30 MP: 2/2
   422 | D:1      | You fall through a shaft!
   586 | D:2      | Noticed Sigmund
   598 | D:2      | Killed Sigmund
   598 | D:2      | Reached skill level 5 in Polearms
   598 | D:2      | Reached skill level 1 in Armour
   598 | D:2      | Reached XP level 4. HP: 26/38 MP: 3/3
   598 | D:2      | Reached XP level 5. HP: 31/45 MP: 4/4
  1057 | D:3      | Noticed Jessica
  1064 | D:3      | Killed Jessica
  1064 | D:3      | Reached skill level 6 in Polearms
  1072 | D:3      | Found a shattered altar of Ashenzari.
  1321 | D:3      | Reached XP level 6. HP: 40/51 MP: 5/5
  1458 | D:3      | Found a snail-covered altar of Cheibriados.
  1655 | D:3      | Found a stormy altar of Qazlal.
  1693 | D:3      | Found a bloodstained altar of Trog.
  1696 | D:3      | Found a hide-covered altar of Uskayaw.
  1696 | D:3      | Found a sparkling altar of Nemelex Xobeh.
  1696 | D:3      | Found a burning altar of Makhleb.
  1696 | D:3      | Found a blossoming altar of Fedhas.
  1698 | D:3      | Found a sacrificial altar of Ru.
  1700 | D:3      | Found a white marble altar of Elyvilon.
  1738 | D:3      | Became a worshipper of Makhleb the Destroyer
  1769 | D:3      | Noticed Ijyb
  1781 | D:3      | Killed Ijyb
  2246 | D:4      | Found a staircase to the Ecumenical Temple.
  2316 | D:4      | Reached XP level 7. HP: 58/58 MP: 6/6
  2375 | D:4      | Reached * piety under Makhleb
  2426 | D:4      | Reached skill level 1 in Invocations
  2454 | D:4      | Learned a level 1 spell: Magic Dart
  2460 | D:4      | Reached skill level 7 in Polearms
  3087 | D:5      | Entered Level 5 of the Dungeon
  3241 | D:5      | Reached XP level 8. HP: 67/67 MP: 8/8
  3264 | D:5      | Noticed Menkaure
  3275 | D:5      | Killed Menkaure
  3275 | D:5      | Reached skill level 8 in Polearms
  3525 | D:5      | Reached skill level 5 in Dodging
  3832 | D:5      | Reached ** piety under Makhleb
  4300 | D:6      | Reached skill level 5 in Armour
  4300 | D:6      | Reached skill level 1 in Shields
  4459 | D:6      | Reached skill level 5 in Fighting
  4794 | D:6      | Reached skill level 9 in Polearms
  4892 | D:6      | Reached XP level 9. HP: 54/74 MP: 9/9
  5233 | D:6      | Reached *** piety under Makhleb
  5322 | D:6      | Found an opulent altar of Gozag.
  5678 | D:7      | Noticed Harold
  6174 | D:7      | Noticed Joseph
  6423 | D:7      | Killed Joseph
  6423 | D:7      | Reached skill level 10 in Polearms
  6643 | D:7      | Got an encrusted quarterstaff
  6650 | D:7      | Identified the +5 quarterstaff "Xeamief" {drain, Dex+6}
                  | (You found it on level 7 of the Dungeon)
  7537 | D:7      | Reached skill level 1 in Slings
  8095 | D:8      | Reached XP level 10. HP: 84/84 MP: 11/11
  8098 | D:8      | Reached **** piety under Makhleb
  8234 | D:8      | Found a runed translucent gate.
  8234 | D:8      | Found a runed translucent gate.
  8234 | D:8      | Found a runed translucent gate.
  8235 | D:8      | Noticed xveg's ghost (novice HaHu)
  8235 | D:8      | Noticed a ten-headed hydra
  8236 | D:8      | Noticed a ten-headed hydra
  8270 | D:8      | Found Plog's General Store.
  8288 | D:8      | Bought a scroll of teleportation for 39 gold pieces
  8382 | D:9      | Reached skill level 11 in Polearms
  9361 | D:9      | Found a burning altar of Makhleb.
  9704 | D:9      | Found a staircase to the Lair.
  9779 | D:9      | Found Wiyteory's Assorted Antiques.
  9785 | D:9      | Bought a pair of encrusted gloves for 332 gold pieces
  9795 | D:9      | Identified the +0 pair of gloves of Calculation {Int+4}
                  | (You bought it in a shop on level 9 of the Dungeon)
  9911 | D:9      | Found a shadowy altar of Dithmenos.
  9911 | D:9      | Found an ancient bone altar of Kikubaaqudgha.
 10080 | D:10     | Entered Level 10 of the Dungeon
 10228 | D:10     | Reached ***** piety under Makhleb
 10809 | D:10     | Reached skill level 12 in Polearms
 11022 | D:10     | Noticed Snorg
 11051 | D:10     | Slain by Snorg

Skill      XL: |  1  2  3  4  5  6  7  8  9 10 |
---------------+-------------------------------+-----
Polearms       | 4 5 6 7 9 10 12 | 12.0
Fighting       | 3 4 5 6 7 |  7.8
Armour         | 1 2 3 4 6 7 8 |  8.7
Dodging        | 4 5 6 |  6.8
Throwing       | 3 4 |  4.3
Invocations    | 1 2 3 4 |  4.0
Shields        | 2 3 4 |  4.9
Slings         | 1 3 |  3.2
Stealth        | |  0.8
Spellcasting   | |  0.5
Conjurations   | |  0.5

Action                   |  1- 3 |  4- 6 |  7- 9 | 10-12 || total
-------------------------+-------+-------+-------+-------++-------
Melee: Trident           |    55 |   105 |   505 |   323 ||   988
       Headbutt          |     7 |    20 |    99 |    77 ||   203
       Unarmed           |       |       |     6 |       ||     6
  Use: Scroll            |       |       |    13 |     6 ||    19
 Stab: Distracted        |       |       |       |     1 ||     1
  Eat: Chunk             |       |     5 |    12 |     6 ||    23
       Ration            |       |       |     2 |     2 ||     4
Armor: Leather armour    |     2 |       |       |       ||     2
       Ring mail         |     5 |    12 |    40 |       ||    57
       Fire dragon scale |       |    18 |     7 |       ||    25
       Plate armour      |       |       |   103 |   121 ||   224
Dodge: Dodged            |    35 |    53 |   198 |   123 ||   409
Block: Buckler           |       |       |    50 |    58 ||   108
